 Dungeon Crawl Stone Soup version 0.31.0-1-g2c135a0 (webtiles) character file.

Game seed: 16301739326005313200

10591 Cambo125 the Fighter (level 11, -16/100 HPs)
             Began as a Demonspawn Berserker on Apr 2, 2024.
             Was an Elder of Trog.
             Demolished by bob002's ghost (23 damage)
             ... on level 8 of the Dungeon.
             The game lasted 00:45:12 (6147 turns).

Cambo125 the Fighter (Demonspawn Berserker)         Turns: 6147, Time: 00:45:12

Health: -16/100    AC: 14    Str: 21    XL:     11   Next: 38%
Magic:  20/20      EV: 13    Int:  7    God:    Trog [****..]
Gold:   308        SH:  0    Dex: 14    Spells: 10/10 levels left

rFire   . . .        t - +3 falchion
rCold   . . .        (no shield)
rNeg    . . .        f - +4 ring mail {rPois}
rPois   +            (no helmet)
rElec   .            (no cloak)
rCorr   +            (no gloves)
SInv    .            G - +0 pair of boots
Will    +....        x - amulet of regeneration
Stlth   +            I - ring of resist corrosion
HPRegen 1.16/turn    i - ring of magical power
MPRegen 0.17/turn

%: no passive effects
@: no status effects
A: hooves 2, slimy green scales 1, demonic guardian 3, spiny 2, demonic
willpower
a: Renounce Religion, Berserk, Trog's Hand, Brothers in Arms


You were on level 8 of the Dungeon.
You worshipped Trog.
Trog was greatly pleased with you.
You visited 1 branch of the dungeon, and saw 8 of its levels.

You collected 308 gold pieces.

Inventory:

Hand Weapons
 e - a +0 dagger
 k - a +0 spear
 l - a +0 giant spiked club
 m - a +0 trident
 n - a +2 short sword
 p - a +2 hand axe of freezing
 q - a +0 dagger
 r - a +0 spear
 t - a +3 falchion (weapon)
 v - a +0 glaive
 z - a +5 mace
 A - a +0 war axe
 T - a +0 giant club
 Y - a +0 rapier
Missiles
 d - 81 stones (quivered)
 h - 4 boomerangs
 U - 2 atropa-tipped darts
Armour
 b - a +0 animal skin
 f - a +4 ring mail of poison resistance (worn)
 s - a +0 chain mail
 y - a +0 leather armour
 G - a +0 pair of boots (worn)
 R - a +0 ring mail
Jewellery
 i - a ring of magical power (right hand)
 x - an amulet of regeneration (around neck)
 I - a ring of resist corrosion (left hand)
Wands
 g - a wand of polymorph (9)
 E - a wand of flame (17)
Scrolls
 a - a scroll of amnesia
 j - 3 scrolls of vulnerability
 w - 2 scrolls of teleportation
 D - a scroll of blinking {unknown}
 F - 2 scrolls of fog {unknown}
 S - a scroll of immolation
 V - a scroll of revelation {unknown}
Potions
 c - 3 potions of invisibility {unknown}
 o - a potion of attraction {unknown}
 u - a potion of degeneration {unknown}
 B - a potion of curing
 C - 2 potions of magic {unknown}
 K - 2 potions of brilliance {unknown}


   Skills:
 + Level 14.0 Fighting
 + Level 9.4 Long Blades
 + Level 7.7 Armour
 + Level 4.6 Dodging
 + Level 1.8 Stealth


You had 10 spell levels left.
You didn't know any spells.
Your spell library contained the following spells:

 Spells                   Type           Power      Damage    Failure   Level
 Sting                    Conj/Alch      0%         1d3       56%         1
 Mercury Vapours          Alch/Air       0%         N/A       71%         2
 Summon Ice Beast         Ice/Summ       0%         N/A       91%         3
 Olgreb's Toxic Radiance  Alch           0%         N/A       100%        4
 Summon Mana Viper        Hex/Summ       0%         N/A       100%        5
 Monstrous Menagerie      Summ           0%         N/A       100%        7


Dungeon Overview and Level Annotations

Branches:
Dungeon (8/15)             Temple (0/1) D:4
   Lair: D:8-11

Altars:
Ashenzari
Hepliaklqana

Annotations:
D:8 bob002's ghost, novice TrCK


Innate Abilities, Weirdness & Mutations

You have hoof-like feet.
You are partially covered in slimy green scales. (AC +2)
A powerful demonic guardian rushes to your aid.
You are mostly covered in sharp spines.
You punish those that try to bend your will. (Will+)


Message History

The kobold brigand barely misses you.
The kobold brigand is struck by your spines.
The kobold brigand hits you but does no damage.
Your soul eater hits bob002's ghost!
You see here 3 curare-tipped darts.
You swap places.
The kobold brigand throws a poisoned dart.
The poisoned dart hits you!
The kobold brigand hits your soul eater with a +2 dagger of distortion!
Bob002's ghost completely misses you.
The kobold brigand barely misses your soul eater.
The kobold brigand is struck by your spines.
The kobold brigand closely misses you.
Your soul eater hits bob002's ghost!
Your soul eater hits bob002's ghost!!
The kobold brigand hits your soul eater but does no damage.
Space warps around your soul eater.
Bob002's ghost gibbers darkly, "I laugh when killing.
So smile when dying.
SMILE!"
Bob002's ghost attacks as it pursues you!
Bob002's ghost hits you!
* * * LOW HITPOINT WARNING * * *
The kobold brigand hits your soul eater but does no damage.
The kobold brigand is struck by your spines.
The kobold brigand hits you but does no damage.
Your soul eater hits the kobold brigand!!
The kobold brigand dies!
Trog accepts your kill.
Your soul eater closely misses bob002's ghost.
Things that are here:
a +0 dagger; a +0 robe The kobold brigand zaps a wand.
You resist with almost no effort.
Your will lashes out at the kobold brigand.
The kobold brigand throws a poisoned dart.
The poisoned dart barely misses you.
The kobold brigand throws a poisoned dart.
The poisoned dart closely misses your soul eater.
The poisoned dart barely misses bob002's ghost.
The poisoned dart misses you.
Bob002's ghost says: "I need scissors!
I think I chipped a nail somewhere..."
Bob002's ghost hits you!!
You die...

.....#
#.........#####
##..##### ######
##.#......###### # #
#
#####...#..........##
# #
#...................
# #
#.###...##...#####.#
# # #.#
##.###.÷)).....##
#..# # #.# ###
##))####.>.###..# #
##.# #....K.....##..#
# #..#
#..@)K.........# #
#.## #.3)W.K....##.##
# #.# #...3##.K.###.#
# #.#
##.K.K..K.....######
#.#
#######.......K.KK3
#.# #.#########.# #.#
## #.##### ###
#.#######.# #.....#
#K #........# #####.#
#⌠


You could see 7 kobold brigands, bob002's ghost (ally target) and 2 friendly
soul eaters.

Vanquished Creatures
  Joseph (D:8)
  Prince Ribbit (D:8)
  Grinder (D:5)
  An ice beast (D:6)
  2 orc warriors
  An ogre (D:4)
  A black bear (D:5)
  A sky beast (D:7)
  2 centaurs
  A kobold brigand (D:8)
  3 bullfrogs (D:7)
  A scorpion (D:7)
  4 howler monkeys
  A bombardier beetle (D:6)
  2 hounds
  4 orc priests
  2 jellies
  A gnoll bouda (D:6)
  2 sleepcaps
  5 iguanas
  8 orc wizards
  5 gnolls
  2 adders
  A shadow imp (D:5)
  2 ufetubi (D:6)
  2 dart slugs
  A ribbon worm (D:3)
  27 orcs
  3 ball pythons
  6 endoplasms
  5 giant cockroaches
  5 goblins
  5 hobgoblins
  6 jackals
  2 quokkas
  8 bats
  4 frilled lizards
  7 kobolds
  8 rats
144 creatures vanquished.

Vanquished Creatures (collateral kills)
  Pikel (D:5)
  A kobold demonologist (D:8)
  Maggie (D:7)
  An ogre (D:5)
  2 lemures (D:5)
  A kobold brigand (D:8)
  5 wights (D:5)
  2 orc priests
  An iguana (D:5)
  An orc wizard (D:5)
  A shadow imp (D:5)
  6 orcs
23 creatures vanquished.

Grand Total: 167 creatures vanquished

Notes
Turn   | Place    | Note
-------+----------+-------------------------------------------
     0 | D:1      | Cambo125 the Demonspawn Berserker began the quest for the
                  | Orb.
     0 | D:1      | Reached XP level 1. HP: 18/18 MP: 1/1
   178 | D:1      | Gained mutation: You are partially covered in sharp spines.
                  | [demonic ancestry]
   178 | D:1      | Reached XP level 2. HP: 23/24 MP: 2/2
   429 | D:1      | Gained mutation: You are mostly covered in sharp spines.
                  | [demonic ancestry]
   429 | D:1      | Reached XP level 3. HP: 21/29 MP: 3/3
   474 | D:1      | Found a faded altar of an unknown god.
   605 | D:1      | Reached ** piety under Trog
  1336 | D:3      | Gained mutation: A weak demonic guardian rushes to your
                  | aid. [demonic ancestry]
  1336 | D:3      | Reached XP level 4. HP: 25/36 MP: 4/4
  1441 | D:3      | Gained mutation: A demonic guardian rushes to your aid.
                  | [demonic ancestry]
  1441 | D:3      | Reached XP level 5. HP: 18/42 MP: 5/5
  1990 | D:4      | Found a staircase to the Ecumenical Temple.
  2161 | D:4      | Noticed an ogre
  2169 | D:4      | Killed an ogre
  2170 | D:4      | Reached skill level 4 in Fighting
  2170 | D:4      | Gained mutation: You are partially covered in slimy green
                  | scales. (AC +2) [demonic ancestry]
  2170 | D:4      | Reached XP level 6. HP: 48/48 MP: 6/6
  2223 | D:4      | Reached skill level 5 in Long Blades
  2434 | D:4      | Reached *** piety under Trog
  2687 | D:5      | Entered Level 5 of the Dungeon
  3043 | D:5      | Gained mutation: A powerful demonic guardian rushes to your
                  | aid. [demonic ancestry]
  3043 | D:5      | Reached XP level 7. HP: 46/55 MP: 7/7
  3227 | D:5      | Noticed Grinder
  3246 | D:5      | Killed Grinder
  3278 | D:5      | Reached skill level 1 in Stealth
  3660 | D:5      | Noticed Pikel
  3668 | D:5      | Gained mutation: You have large cloven feet. [demonic
                  | ancestry]
  3668 | D:5      | Reached XP level 8. HP: 38/60 MP: 8/8
  3672 | D:5      | Reached skill level 5 in Fighting
  3675 | D:5      | Killed Pikel
  3676 | D:5      | Reached skill level 5 in Armour
  4133 | D:6      | Gained mutation: You punish those that try to bend your
                  | will. (Will+) [demonic ancestry]
  4133 | D:6      | Reached XP level 9. HP: 12/68 MP: 9/9
  4601 | D:6      | Reached **** piety under Trog
  4855 | D:6      | Reached skill level 12 in Fighting
  4855 | D:6      | Reached XP level 10. HP: 91/91 MP: 10/10
  4856 | D:6      | Reached skill level 13 in Fighting
  4856 | D:6      | Gained mutation: You have hoof-like feet. [demonic
                  | ancestry]
  4856 | D:6      | Reached XP level 11. HP: 99/99 MP: 11/11
  5462 | D:7      | Noticed Maggie
  5469 | D:7      | Killed Maggie
  5722 | D:8      | Found a hazy altar of Hepliaklqana.
  5728 | D:8      | Noticed Prince Ribbit
  5742 | D:8      | Killed Prince Ribbit
  5806 | D:8      | Found a broken altar of Ashenzari.
  5832 | D:8      | Noticed Joseph
  5841 | D:8      | Killed Joseph
  6097 | D:8      | Found a runed translucent gate.
  6099 | D:8      | Found a runed translucent gate.
  6099 | D:8      | Noticed bob002's ghost (novice TrCK)
  6100 | D:8      | Found a runed translucent gate.
  6112 | D:8      | Noticed a sun demon
  6138 | D:8      | Reached skill level 14 in Fighting
  6147 | D:8      | Demolished by bob002's ghost

Illustrated notes

Levels and vault maps discovered:
D:1:      dpeg_arrival_radiant, layout_basic, basic_ecumenical_altar
D:2:      layout_basic
D:3:      layout_basic
D:4:      minmay_bubble_buster, layout_loops_corners,
          minmay_temple_entry_offerings, uniq_edmund
D:5:      layout_cave_pods, uniq_grinder, uniq_pikel
D:6:      layout_basic, serial_bayou_lake_a
D:7:      layout_basic, slow_altar_2, serial_aquarium, aquarium_bridge_square
          [aquarium_subvault_window, aquarium_subvault_bridge,
          aquarium_subvault_wall, aquarium_subvault_window],
          aquarium_window_fake, aquarium_window_double,
          aquarium_window_corridor_1, aquarium_view_2c, aquarium_view_2c,
          aquarium_pool_side, uniq_maggie
D:8:      layout_loops_ring, nicolae_hepliaklqana_hazy_memory,
          ashenzari_conservatory_becter, minmay_overflow_temple_star_quad,
          gammafunk_ghost_nasty_kobolds, uniq_prince_ribbit1, uniq_psyche,
          uniq_joseph

Skill      XL: |  1  2  3  4  5  6  7  8  9 10 11 |
---------------+----------------------------------+-----
Long Blades    | 3 4 5 6 7 8 9 |  9.4
Dodging        | 2 3 4 |  4.6
Armour         | 2 3 4 6 7 |  7.7
Fighting       | 4 5 12 13 14 | 14.0
Stealth        | 1 |  1.8

Action                     |  1- 3 |  4- 6 |  7- 9 | 10-12 || total
---------------------------+-------+-------+-------+-------++-------
  Melee: Falchion          |    77 |    87 |    76 |   104 ||   344
         Punch             |       |     2 |     1 |       ||     3
         Kick              |       |       |    19 |    31 ||    50
    Use: Scroll            |     2 |     5 |     5 |     1 ||    13
         Potion            |       |       |     2 |     1 ||     3
   Stab: Sleeping          |       |       |       |     1 ||     1
 Armour: Animal skin       |    31 |       |       |       ||    31
         Ring mail         |    20 |    65 |    64 |    90 ||   239
  Dodge: Dodged            |    45 |    46 |    52 |    63 ||   206
